 Dungeon Crawl Stone Soup version 0.30-a0-242-g7bf8e6d787 (webtiles) character file.

Game seed: 9288876255976056987

6087 KennySheep the Transmogrifier (level 10, -11/72 (74) HPs)
             Began as a Demigod Transmuter on Oct 12, 2022.
             Mangled by a hornet (13 damage)
             ... on level 9 of the Dungeon.
             The game lasted 00:28:50 (8829 turns).

KennySheep the Transmogrifier (Demigod Transmuter)  Turns: 8829, Time: 00:28:51

HP:   -11/72 (74)   AC:  6    Str: 16    XL:     10   Next: 32%
MP:   10/19         EV: 14    Int: 27    God:
Gold: 420           SH:  0    Dex: 20    Spells: 5/17 levels left

rFire   . . .      SeeInvis +      - Unarmed
rCold   . . .      Faith    .    (shield currently unavailable)
rNeg    . . .      Spirit   .    m - +2 leather armour of Subjectivity {Str+5}
rPois   .          Reflect  .    (no helmet)
rElec   .          Harm     .    F - +0 cloak
rCorr   .          Rampage  .    (gloves currently unavailable)
Will    +....                    (no boots)
Stlth   ++........               j - amulet of the acrobat
HPRegen 0.32/turn                N - +6 ring of dexterity
MPRegen 0.16/turn                C - ring "Wutery" {SInv Stlth+}

@: lethally poisoned (-11 -> -30), blade hands, very slightly contaminated,
slowed, lightly drained, very slow
A: high MP 1, forlorn, divine attributes, frail 1
a: End Transformation


You were on level 9 of the Dungeon.
You had blades for hands.
You visited 1 branch of the dungeon, and saw 9 of its levels.

You collected 624 gold pieces.
You spent 204 gold pieces at shops.

Inventory:

Missiles
 A - a throwing net
Armour
 m - the +2 leather armour of Subjectivity (worn) {Str+5}
   (You took it off a hobgoblin on level 2 of the Dungeon)

   Str:       It affects your strength (+5).
 F - a +0 cloak (worn)
Magical Staves
 b - a staff of cold
Jewellery
 a - a ring of flight
 j - an amulet of the acrobat (around neck)
 n - a ring of ice
 r - a ring of magical power
 w - a ring of poison resistance
 C - the ring "Wutery" (right blade hand) {SInv Stlth+}
   (You found it on level 5 of the Dungeon)

   [ring of see invisible]

   SInv:      It lets you see invisible.
   Stlth:     It makes you more stealthy.
 E - a ring of ice
 N - a +6 ring of dexterity (left blade hand)
Wands
 H - a wand of digging (8)
Scrolls
 c - a scroll of fog
 d - a scroll of immolation
 e - 3 scrolls of enchant weapon
 i - 3 scrolls of magic mapping
 l - a scroll of noise
 y - 3 scrolls of teleportation
 B - a scroll of vulnerability
 D - 3 scrolls of fear {unknown}
 G - a scroll of acquirement {unknown}
 I - 2 scrolls of amnesia {unknown}
 J - 2 scrolls of identify
 K - a scroll of brand weapon {unknown}
 L - a scroll of poison {unknown}
 M - 2 scrolls of blinking {unknown}
 O - a scroll of silence {unknown}
Potions
 f - 2 potions of invisibility {unknown}
 g - 5 potions of flight
 h - 3 potions of might
 k - 3 potions of lignification
 o - a potion of degeneration {unknown}
 p - a potion of ambrosia {unknown}
 q - 2 potions of heal wounds {unknown}
 s - 4 potions of haste
 t - a potion of magic {unknown}
 u - a potion of mutation
 v - 3 potions of brilliance
 z - 3 potions of curing
 P - a potion of berserk rage {unknown}


   Skills:
 + Level 5.6 Fighting
 - Level 0.4 Armour
 + Level 4.6 Dodging
 * Level 7.6 Unarmed Combat
 - Level 4.0 Spellcasting
 * Level 9.1 Transmutations
 - Level 4.0 Ice Magic
 - Level 1.1 Poison Magic


You had 5 spell levels left.
You knew the following spells:

 Your Spells              Type           Power      Damage    Failure   Level
a - Beastly Appendage     Tmut           100%       N/A       9%          1
b - Wereblood             Tmut           53%        N/A       11%         2
c - Blade Hands           Tmut           26%        N/A       36%         5
z - Ice Form              Ice/Tmut       40%        N/A       38%         4

Your spell library contained the following spells:

 Spells                   Type           Power      Damage    Failure   Level
 Sting                    Tmut/Pois      100%       1d8       17%         1
 Spider Form              Tmut/Pois      33%        N/A       28%         3
 Foxfire                  Conj/Fire      20%        2x1d5     45%         1
 Kiss of Death            Conj/Necr      20%        2d7       45%         1
 Slow                     Hex            20%        N/A       45%         1
 Poisonous Vapours        Pois/Air       16%        N/A       50%         2
 Sublimation of Blood     Necr           5%         N/A       54%         2
 Confusing Touch          Hex            5%         N/A       71%         3
 Inner Flame              Hex/Fire       5%         N/A       71%         3
 Portal Projectile        Hex/Tloc       10%        N/A       71%         3
 Tukima's Dance           Hex            5%         N/A       71%         3
 Vampiric Draining        Necr           5%         2d6       71%         3
 Olgreb's Toxic Radiance  Pois           11%        N/A       88%         4
 Cause Fear               Hex            2%         N/A       95%         4
 Dispel Undead            Necr           5%         3d7       95%         4
 Fireball                 Conj/Fire      2%         3d4       99%         5
 Starburst                Conj/Fire      2%         6d3       100%        6
 Summon Hydra             Summ           2%         N/A       100%        7
 Discord                  Hex            2%         N/A       100%        8


Dungeon Overview and Level Annotations

Branches:
Dungeon (9/15)             Temple (0/1) D:5
   Lair: D:8-11         Orc: D:9-12

Shops:
D:5 *   D:6 !

Annotations:
D:5 2 transporters, mandarbmax's ghost, novice TeRe
D:9 1 runed translucent door, Darkkill's ghost, novice HuCA


Innate Abilities, Weirdness & Mutations

You have blades for hands.
Your spellcasting is less reliable in this form.
You are incapable of wielding weapons or throwing items.
You have an increased reservoir of magic. (+10% MP)
You shall have no god before yourself.
Your divine heritage dramatically boosts your attributes as you level up.
You are frail. (-10% HP)


Message History

You feel yourself speed up. The hornet stings you.
You feel yourself slow down. The hornet barely misses you.
Casting: Blade Hands (dangerous; 6% risk of failure)
Confirm with . or Enter, or press ? or * to list all spells.
Your hands turn into razor-sharp scythe blades.
The hornet closely misses you. The hornet stings you!
You are poisoned.
You suddenly lose the ability to move!
The hornet stings you.
You feel as though you will be slow longer.
You feel very sick.
The hornet stings you but does no damage.
You can move again.
You closely miss the hornet.
You feel very sick. The hornet barely misses you.
The wight hits you from afar with a +0 spear.
The hornet barely misses you.
The wight hits you from afar with a +0 spear.
You feel drained.
You closely miss the hornet.
You feel sick. The hornet stings you.
You feel as though you will be slow longer.
The hornet stings you!
You are more poisoned.
You suddenly lose the ability to move!
The wight hits you but does no damage.
You can move again.
You hit the hornet. You slash the hornet.
The hornet is lightly wounded.
You feel very sick. The hornet closely misses you. The wight misses you.
The hornet misses you.
You slash the hornet!
The hornet is heavily wounded.
You feel very sick. The hornet stings you!
* * * LOW HITPOINT WARNING * * *
You are more poisoned.
You shrug off the repeated paralysis!
The wight barely misses you. The hornet barely misses you.
The hornet attacks as you move away! The hornet stings you!
You die...

...........#
#........# #.#
...........#
#........# #.#
...........#
#........# #.#
........#
#[.......# #.#
........#
#........# #.#
....<...#
#.......<# #.#
........#
#........# #.#
........#
#........# #.#
........#
#@######.# #.#
........#####y#
#.######.#
............zT#
#........#
.............z#
#........#
..............#
#........#
..............#
#..#####^#
..............#
#..# #.#
..............#
#..# #.#
..............#
#..# #.#


You could see a troll, a hornet and 2 wights.

Vanquished Creatures
  A two-headed ogre (D:9)
  4 gargoyles (D:8)
  3 kobold demonologists
  A hornet (D:9)
  Sigmund (D:4)
  3 yaks (D:9)
  Duvessa (D:6)
  A sky beast (D:8)
  2 orc warriors
  2 ogres
  2 centaurs
  5 kobold brigands
  2 bullfrogs
  3 scorpions
  Dowan (D:6)
  10 killer bees (D:8)
  3 howler monkeys (D:7)
  A jelly (D:6)
  2 orc priests
  2 gnoll boudas
  6 hounds
  Ijyb (D:3)
  Natasha (D:2)
  2 iguanas (D:5)
  6 orc wizards
  6 gnolls
  9 adders
  A white imp (D:5)
  5 dart slugs
  17 orcs
  7 bats
  6 endoplasms
  A giant cockroach (D:1)
  7 goblins
  7 hobgoblins
  2 jackals
  24 kobolds
  3 quokkas
  9 ball pythons
  3 frilled lizards
  5 rats
  A spectral goblin (D:3)
179 creatures vanquished.

Vanquished Creatures (others)
  A human (D:5)
1 creature vanquished.

Grand Total: 180 creatures vanquished

Notes
Turn   | Place    | Note
-------+----------+-------------------------------------------
     0 | D:1      | KennySheep the Demigod Transmuter began the quest for the
                  | Orb.
     0 | D:1      | Reached XP level 1. HP: 15/15 MP: 5/5
    94 | D:1      | Reached skill level 1 in Fighting
    94 | D:1      | Reached skill level 2 in Transmutations
   149 | D:1      | Reached XP level 2. HP: 10/23 MP: 7/7
   152 | D:1      | Learned a level 2 spell: Wereblood
   422 | D:1      | Reached skill level 1 in Poison Magic
   808 | D:2      | Reached XP level 3. HP: 28/28 MP: 4/8
  1085 | D:2      | Noticed Natasha
  1131 | D:2      | Killed Natasha
  1263 | D:2      | Reached XP level 4. HP: 24/35 MP: 7/9
  1398 | D:2      | Reached skill level 1 in Ice Magic
  1513 | D:2      | Identified the +2 leather armour of Subjectivity {Str+5}
  1673 | D:3      | Reached skill level 3 in Transmutations
  1758 | D:3      | Reached XP level 5. HP: 35/40 MP: 10/10
  1769 | D:3      | Learned a level 4 spell: Ice Form
  2161 | D:3      | Noticed Ijyb
  2175 | D:3      | HP: 2/60 [Ijyb/+0 club (2)]
  2180 | D:3      | Killed Ijyb
  2737 | D:4      | Noticed Sigmund
  2753 | D:4      | Killed Sigmund
  2754 | D:4      | Reached skill level 4 in Transmutations
  2754 | D:4      | Reached XP level 6. HP: 35/47 MP: 12/12
  3608 | D:5      | Entered Level 5 of the Dungeon
  3655 | D:5      | Found a transporter.
  3657 | D:5      | Noticed mandarbmax's ghost (novice TeRe)
  3788 | D:5      | Reached XP level 7. HP: 50/55 MP: 10/13
  3937 | D:5      | Reached skill level 5 in Transmutations
  3982 | D:5      | Identified the ring "Wutery" {SInv Stlth+}
  4014 | D:5      | Found a staircase to the Ecumenical Temple.
  4088 | D:5      | Found a transporter.
  4210 | D:5      | Found Qayh's Fire Supplies.
  4271 | D:5      | Noticed a human
  4275 | D:5      | Killed a human
  4644 | D:6      | Noticed Duvessa
  4644 | D:6      | Noticed Dowan
  4650 | D:6      | Killed Dowan
  4653 | D:6      | Killed Duvessa
  4663 | D:6      | Reached XP level 8. HP: 57/63 MP: 16/16
  4845 | D:6      | Reached skill level 6 in Transmutations
  4863 | D:6      | Found Morghyer's Distillery.
  4878 | D:6      | Bought a potion of might for 48 gold pieces
  4878 | D:6      | Bought a potion of haste for 120 gold pieces
  4878 | D:6      | Bought a potion of flight for 36 gold pieces
  4878 | D:6      | Gained mutation: You are frail. (-10% HP) [potion of
                  | mutation]
  5798 | D:7      | Noticed a kobold demonologist
  5798 | D:7      | Noticed a kobold demonologist
  5799 | D:7      | Noticed a kobold demonologist
  5832 | D:7      | Noticed a red devil
  5839 | D:6      | Killed a kobold demonologist
  5852 | D:6      | Killed a kobold demonologist
  5862 | D:7      | Learned a level 5 spell: Blade Hands
  5891 | D:7      | Killed a kobold demonologist
  5892 | D:7      | Reached skill level 5 in Unarmed Combat
  5892 | D:7      | Reached skill level 7 in Transmutations
  5906 | D:7      | Reached XP level 9. HP: 47/63 MP: 18/18
  7606 | D:8      | Noticed a gargoyle
  7610 | D:8      | Killed a gargoyle
  7611 | D:8      | Reached skill level 8 in Transmutations
  7690 | D:8      | Noticed a gargoyle
  7693 | D:8      | Killed a gargoyle
  7694 | D:8      | Reached skill level 5 in Fighting
  7735 | D:8      | Noticed a gargoyle
  7739 | D:8      | Killed a gargoyle
  7772 | D:8      | Noticed a gargoyle
  7779 | D:8      | Killed a gargoyle
  8007 | D:9      | Reached XP level 10. HP: 53/72 MP: 14/19
  8257 | D:9      | Found a runed translucent door.
  8261 | D:9      | Noticed Darkkill's ghost (novice HuCA)
  8412 | D:9      | Noticed a two-headed ogre
  8429 | D:9      | Killed a two-headed ogre
  8430 | D:9      | Reached skill level 9 in Transmutations
  8823 | D:9      | Paralysed by a hornet for 2 turns
  8826 | D:9      | Paralysed by a hornet for 1 turns
  8828 | D:9      | HP: 2/72 [hornet (13)]
  8829 | D:9      | Mangled by a hornet

Illustrated notes

Levels and vault maps discovered:
D:1:      minmay_arrival_glassed_features, layout_basic
D:2:      layout_rooms, minmay_tromino_mix6, uniq_natasha
D:3:      layout_basic, dreamdust_ecumenical_altar_drowned_temple,
          minmay_starry_boxes, uniq_ijyb
D:4:      layout_loops_ring, uniq_sigmund
D:5:      layout_basic, nicolae_dithmenos_shadow_blocks, tgw_kikubaaqudgha,
          minmay_temple_entry_grid, gammafunk_ghost_stat_death,
          nicolae_shop_fire_sale [nicolae_sub_dead_trees],
          minmay_divided_ellipse
D:6:      layout_cave_pods, worldfamousw_hep_ancestral_shrine,
          kennysheep_mini_moat, serial_shops, shop, uniq_duvessa
D:7:      layout_basic, uniq_joseph
D:8:      cheibrodos_statue_roulette, layout_basic, nzn_wu_jian_council_hall,
          item_on_display_a
D:9:      layout_long_grid, mainiacjoe_overflow_cross_hatched, minitemple,
          gammafunk_ghost_grave, special_room [special_room_orc]

Skill      XL: |  1  2  3  4  5  6  7  8  9 10 |
---------------+-------------------------------+-----
Fighting       | 1 2 3 4 5 |  5.6
Transmutations | 2 3 4 5 7 8 9 |  9.1
Poison Magic   | 1 |  1.1
Dodging        | 2 4 |  4.6
Unarmed Combat | 3 4 5 6 7 |  7.6
Ice Magic      | 1 3 4 |  4.0
Spellcasting   | 2 3 4 |  4.0
Armour         | |  0.4

Action                   |  1- 3 |  4- 6 |  7- 9 | 10-12 || total
-------------------------+-------+-------+-------+-------++-------
Melee: Unarmed           |   112 |   170 |   218 |    47 ||   547
       Headbutt          |     8 |    11 |       |       ||    19
       Kick              |    12 |    12 |       |       ||    24
       Punch             |     3 |     3 |     1 |     5 ||    12
       Staff             |    14 |     5 |     3 |       ||    22
 Cast: Beastly Appendage |    12 |    10 |       |       ||    22
       Wereblood         |     3 |     1 |       |       ||     4
       Ice Form          |       |     4 |    14 |       ||    18
       Blade Hands       |       |       |     8 |     7 ||    15
Evoke: Wand              |       |       |       |     2 ||     2
  Use: Potion            |       |     2 |     2 |       ||     4
       Scroll            |       |     7 |       |       ||     7
 Stab: Sleeping          |       |     2 |     1 |       ||     3
Armor: Robe              |    25 |     4 |       |       ||    29
       Leather armour    |       |    20 |     6 |    14 ||    40
       Skin              |       |    24 |    91 |       ||   115
Dodge: Dodged            |    90 |   101 |   148 |    67 ||   406

Table legend: (Time is in decaauts)
 A = Elapsed time spent in this place.
 B = Non-inter-level travel time spent in this place.
 C = Inter-level travel time spent in this place.
 D = Time resting spent in this place.
 E = Time spent auto-exploring this place.
 F = Levels seen in this place.
 G = Mean time per level.
                   A        B        C        D        E       F      G
               +--------+--------+--------+--------+--------+-----+--------+
         Total |   8797 |   8690 |    107 |    950 |   6429 |   9 |  977.4 |
       Dungeon |   8797 |   8690 |    107 |    950 |   6429 |   9 |  977.4 |
               +--------+--------+--------+--------+--------+-----+--------+

Top non-repeatable levels by time:
     D:8: 1744 daAuts
     D:3: 1154 daAuts
     D:5: 1032 daAuts
     D:6: 939 daAuts
     D:2: 918 daAuts
     D:4: 867 daAuts
     D:9: 834 daAuts
     D:1: 655 daAuts
     D:7: 650 daAuts
